Map: Terraform LE (Void)

Players

qxc - Winner!

  • Race: Terran Terran
  • League: Master

Tilko

  • Race: Zerg Zerg
  • League: Platinum

Event: Lycan League Weekly August #3

VOD

Have the link to the VOD?

Description

Time

  • Played on: Aug. 17, 2015, 12:28 p.m.
  • Length: 6:27

All games in this series

Show
View Real Time Build Order
Export as new Build Order

qxc Terran - Winner!

Build Orders:  

Get SALT Encoding   

  12  0:01  SCV  
  13  0:13  SCV  
  14  0:17  Supply Depot  
  14  0:25  SCV  
  15  0:39  SCV  
  15  0:41  Barracks  
  16  0:44  Refinery  
  16  0:51  SCV  
  17  1:03  SCV  
  18  1:15  SCV  
  19  1:27  Barracks Reactor  
  19  1:28  Orbital Command  
  19  1:40  Command Center  
  19  1:48  Supply Depot  
  19  1:54  SCV  
  20  2:03  Reaper  
  20  2:04  Reaper  
  20  2:06  SCV  
  23  2:18  SCV  
  24  2:30  SCV  
  24  2:31  Command Center  
  24  2:36  Reaper  
  26  2:40  Reaper  
  26  2:42  SCV  
  28  2:48  Barracks  
  28  2:53  Orbital Command  
  28  2:56  SCV  
  29  3:08  Reaper  
  29  3:09  SCV  
  29  3:10  Barracks  
  31  3:17  Reaper  
  32  3:21  SCV  
  32  3:25  SCV  
  34  3:28  Refinery  
  34  3:34  SCV, Bunker  
  35  3:36  Barracks Tech Lab  
  35  3:39  SCV, Marine  
  37  3:44  SCV  
  38  3:49  Marine  
  38  3:50  SCV  
  40  3:56  SCV  
  40  4:03  Marine x2  
  40  4:04  Marine  
  40  4:05  SCV  
  40  4:06  Stimpack, Orbital Command  
  40  4:08  SCV  
  45  4:11  Marine  
  46  4:17  SCV  
  46  4:20  Supply Depot, SCV  
  46  4:23  Marine x3  
  51  4:29  SCV, Factory  
  52  4:32  SCV, Bunker, Marine  
  52  4:33  SCV  
  52  4:36  Bunker  
  55  4:41  SCV, Marine x3  
  55  4:44  SCV  
  55  4:45  SCV  
  61  4:49  Marine  
  55  4:55  SCV  
  55  4:59  SCV, Marine x3  
  53  5:07  Marine  
  53  5:09  Bunker  
  53  5:10  Bunker  
  53  5:12  SCV  
  53  5:13  SCV  
  56  5:16  Marine  
  56  5:17  Supply Depot, Marine x2  
  56  5:18  Factory Tech Lab  
  56  5:20  SCV, Starport  
  59  5:24  SCV  
  59  5:25  Marine  
  61  5:38  Marine x2  
  61  5:39  SCV  
  61  5:41  SCV  
  66  5:43  Marine  
  66  5:45  SCV  
  66  5:47  Supply Depot  
  66  5:48  Supply Depot x2  
  68  5:51  SCV  
  68  5:52  Barracks Reactor  
  68  5:53  SCV  
  69  5:59  Bunker  
  69  6:00  Supply Depot  
  69  6:04  Refinery  
  69  6:05  Refinery  
  69  6:09  SCV x2, Supply Depot, Engineering Bay x2, Marine  
  69  6:10  SCV  
Show
View Real Time Build Order
Export as new Build Order

Tilko Zerg 

Build Orders: Hatch First, Zergling Baneling 

Get SALT Encoding   

  12  0:01  Drone  
  13  0:10  Drone  
  14  0:17  Overlord  
  14  0:23  Extractor x2  
  14  0:25  Drone  
  13  0:30  Drone  
  16  0:36  Drone  
  17  0:45  Drone  
  18  0:58  Hatchery  
  18  1:01  Drone  
  18  1:06  Drone  
  19  1:16  Spawning Pool  
  18  1:20  Drone  
  19  1:27  Drone, Extractor  
  19  1:39  Drone  
  20  1:53  Drone  
  21  1:59  Overlord  
  21  2:09  Queen  
  21  2:10  Queen  
  21  2:12  Zergling x4  
  27  2:27  Drone  
  27  2:28  Metabolic Boost, Drone  
  29  2:40  Zergling x4  
  31  2:46  Queen  
  31  2:47  Queen  
  35  2:52  Overlord  
  35  3:05  Zergling x2  
  36  3:13  Zergling x6  
  36  3:14  Zergling x2  
  36  3:18  Baneling Nest  
  39  3:30  Zergling x6  
  39  3:31  Zergling x4  
  44  3:40  Overlord x2  
  44  3:46  Zergling x4  
  44  3:56  Overlord  
  44  3:57  Overlord  
  44  4:02  Drone  
  41  4:03  Zergling x12  
  47  4:11  Overlord  
  47  4:14  Zergling x4  
  49  4:27  Baneling x10  
  49  4:32  Zergling x2  
  49  4:33  Zergling x2  
  51  4:44  Zergling x2  
  51  4:45  Zergling x8  
  45  4:53  Zergling x6  
  45  4:58  Zergling x4  
  45  5:03  Zergling x2  
  45  5:04  Zergling x2  
  45  5:10  Baneling  
  45  5:11  Zergling x2, Baneling x4  
  45  5:22  Zergling x8  
  48  5:29  Zergling x2  
  48  5:30  Zergling x2  
  48  5:35  Zergling x6  
  44  5:47  Zergling x2  
  44  5:48  Zergling x8  
  49  5:58  Baneling x4  
  49  5:59  Zergling x4, Baneling  
  51  6:09  Zergling x8  

Tags
 
Add a new tag
Caveats
  • Supply blocks, unpowered buildings, or Contaminate may cause inaccurate times.
  • Supply counts are checked every 10 seconds.